 Dungeon Crawl Stone Soup version 0.19.0-20-gbc5f0c6 (console) character file.

13911 nht the Brawler (level 11, -5/94 HPs)
             Began as a Troll Monk on Nov 17, 2016.
             Was a Follower of Uskayaw.
             Slain by a komodo dragon (13 damage)
             ... on level 3 of the Lair of Beasts.
             The game lasted 00:19:09 (8112 turns).

nht the Brawler (Troll Monk)                        Turns: 8112, Time: 00:19:10

Health: -5/94      AC:  7    Str: 24    XL:     11   Next: 81%
Magic:  0/10       EV:  1    Int:  6    God:    Uskayaw [*.....]
Gold:   267        SH:  0    Dex: 12    Spells: 0 memorised, 10 levels left

rFire  . . .     SeeInvis .       - Unarmed
rCold  . . .     Gourm    +     a - +1 robe
rNeg   + + +     Faith    .     (no shield)
rPois  ∞         Spirit   +     E - +1 hat {Spirit}
rElec  .         Reflect  .     (no cloak)
rCorr  .         Harm     .     (gloves unavailable)
MR     .....                    (boots unavailable)
Stlth  ++........               (no amulet)
                                (no ring)
                                n - ring of positive energy

@: petrified
A: unfitting armour, claws 3, fast metabolism 3, gourmand, regeneration 1,
shaggy fur 1, tough skin 2
a: Stomp, Renounce Religion


You were on level 3 of the Lair of Beasts.
You worshipped Uskayaw.
Uskayaw was noncommittal.
You were completely stuffed.

You visited 2 branches of the dungeon, and saw 12 of its levels.
You also visited: Ossuary.

You collected 627 gold pieces.
You spent 360 gold pieces at shops.

Inventory:

Hand Weapons
 o - a +1 blowgun
Missiles
 h - 7 javelins
 s - 13 tomahawks (quivered)
Armour
 a - a +1 robe (worn)
 u - a +0 shield
 E - a +1 hat of spirit shield (worn)
Jewellery
 n - a ring of positive energy (left claw)
 G - an uncursed amulet of harm {unknown}
Wands
 d - a wand of flame (6/48)
 i - a wand of teleportation (9/9)
 m - a wand of flame (19/48)
 p - a wand of polymorph (9/24)
 x - a wand of polymorph (12/24)
 y - a wand of slowing (24/48)
 F - a wand of disintegration (12/24)
 H - a wand of random effects (19/48)
 J - a wand of iceblast (0/15)
 M - a wand of confusion (21/48)
Scrolls
 c - 15 scrolls of identify
 e - 3 scrolls of fear
 f - a scroll of teleportation
 g - 2 scrolls of blinking
 j - 4 scrolls of enchant armour
 q - 2 scrolls of magic mapping
 r - 4 scrolls of amnesia
 I - a scroll of enchant weapon
 L - 2 scrolls of fog
Potions
 k - a potion of cure mutation
 v - 4 potions of might
 z - 2 potions of heal wounds
 A - a potion of flight
 B - 4 potions of curing
 D - 3 potions of ambrosia
 K - a potion of haste
Comestibles
 b - 11 bread rations
 l - 3 meat rations
 t - a slice of pizza
 w - 3 chunks of flesh
 C - 29 fruits


   Skills:
 - Level 2.4 Fighting
 - Level 2.4 Dodging
 - Level 1.0 Stealth
 + Level 4.8 Shields
 - Level 17.2 Unarmed Combat


You had 10 spell levels left.
You didn't know any spells.

Dungeon Overview and Level Annotations

Branches:
Dungeon (9/15)             Temple (0/1) D:6            Lair (3/6) D:9
 Shoals (0/4) Lair:3
  Snake: Lair:2-4    Spider: Lair:2-4       Orc: D:9-12

Altars:
Fedhas
Kikubaaqudgha
Nemelex Xobeh
Sif Muna
Uskayaw

Shops:
D:5 =   D:7 *


Innate Abilities, Weirdness & Mutations

You are too large for most types of armour.
You have claws for hands.
Your metabolism is lightning-fast.
You like to eat raw meat.
Your natural rate of healing is unusually fast.
You are covered in fur. (AC +1)
You have very tough skin. (AC +2)


Message History

You scratch the basilisk but do no damage.
You claw the basilisk!
The basilisk is heavily wounded.
The komodo dragon completely misses you.
The basilisk gazes at you. You resist with some effort.
You have turned to stone.
The komodo dragon bites you!! The basilisk bites you.
The komodo dragon bites you!
* * * LOW HITPOINT WARNING * * *
The basilisk bites you but does no damage.
The komodo dragon bites you!!
* * * LOW HITPOINT WARNING * * *
The basilisk gazes at you. You resist with some effort.
The komodo dragon bites you!
* * * LOW HITPOINT WARNING * * *
The basilisk gazes at you. You resist with some effort.
The komodo dragon bites you!!
You die...

................
...........
██.P███......██.█.
>...████ ███ █......██
..██ . .... ███ ██......█
...... ... █..
█.....█......█.... █..
██....██....█ ..... █..
█......█ ..██...... █..
█.....██...██......██..
█.....@l...........█...
█......l......≈....█...
█..........P♣♣≈........
.............P≈≈≈P.......
..............P≈≈........
.........██..P.███........
........██ ....███..█..█..
.%..... .....█...█P..█.
...+........


You could see a komodo dragon and a basilisk.

Vanquished Creatures
  Gastronok (D:8)
  2 hydras (Lair:1)
  Pikel (D:6)
  3 elephants (Lair:3)
  Psyche (D:8)
  4 spiny frogs
  A komodo dragon (D:9)
  A polar bear (Lair:2)
  A two-headed ogre (D:9)
  3 hippogriffs
  A wraith (Ossuary)
  The ghost of Zebura the Chopper, an amateur HOBe of Trog (Ossuary)
  A hungry ghost (D:7)
  8 yaks
  7 water moccasins
  Duvessa (D:4)
  5 porcupines
  An orc warrior (D:8)
  4 ice beasts
  2 slaves (D:6)
  2 phantoms
  2 wolves (D:9)
  2 ogres
  7 crocodiles
  4 centaurs
  A big kobold (D:8)
  6 bullfrogs
  A scorpion (D:8)
  Dowan (D:4)
  4 killer bees (D:9)
  3 wights (D:9)
  2 electric eels
  6 howler monkeys
  4 crimson imps
  2 bullfrog zombies
  An orc priest (D:9)
  2 jellies (D:8)
  3 iguanas
  2 orc wizards
  7 worker ants
  The ghost of dscm the Digger, a weakling OpEE (D:3)
  A mummy (Ossuary)
  Robin (D:4)
  8 gnolls
  9 adders
  2 shadow imps (D:5)
  A howler monkey simulacrum (D:9)
  A white imp (D:9)
  A worker ant simulacrum (D:9)
  An adder skeleton (D:6)
  5 worms
  6 dart slugs
  A leopard gecko (D:4)
  17 orcs
  5 giant cockroaches
  19 goblins
  5 hobgoblins
  8 jackals
  3 quokkas
  2 ball pythons
  13 bats
  5 frilled lizards
  8 gnoll skeletons (Ossuary)
  7 kobolds
  10 kobold skeletons (Ossuary)
  A leopard gecko simulacrum (D:9)
  A leopard gecko skeleton (D:5)
  7 orc skeletons (Ossuary)
  A quokka skeleton (D:5)
  9 rats
270 creatures vanquished.

Vanquished Creatures (others)
  A plant (D:9)
1 creature vanquished.

Grand Total: 271 creatures vanquished

Notes
Turn   | Place    | Note
-------+----------+-------------------------------------------
     0 | D:1      | nht the Troll Monk began the quest for the Orb.
     0 | D:1      | Reached XP level 1. HP: 22/22 MP: 0/0
    52 | D:1      | Reached XP level 2. HP: 29/29 MP: 1/1
   248 | D:1      | Reached skill level 4 in Unarmed Combat
   353 | D:1      | Reached XP level 3. HP: 36/36 MP: 2/2
  1426 | D:2      | Reached XP level 4. HP: 44/44 MP: 3/3
  1495 | D:2      | Reached skill level 5 in Unarmed Combat
  1865 | D:3      | Noticed dscm's ghost (weakling OpEE)
  1865 | D:3      | Found a hide-covered altar of Uskayaw.
  1865 | D:3      | Noticed a hand axe
  1875 | D:3      | Killed dscm's ghost
  1977 | D:3      | Found an ancient bone altar of Kikubaaqudgha.
  1978 | D:3      | Found a blossoming altar of Fedhas.
  2151 | D:3      | Noticed a hand axe
  2170 | D:3      | Became a worshipper of Uskayaw the Reveler
  2170 | D:3      | Reached * piety under Uskayaw
  2213 | D:3      | Found a deep blue altar of Sif Muna.
  2333 | D:4      | Noticed Robin
  2336 | D:4      | Reached XP level 5. HP: 50/50 MP: 4/4
  2344 | D:4      | Reached ** piety under Uskayaw
  2364 | D:4      | Reached *** piety under Uskayaw
  2365 | D:4      | Reached skill level 6 in Unarmed Combat
  2371 | D:4      | Gained mutation: You occasionally shout uncontrollably at your foes. [potion of mutation]
  2371 | D:4      | Gained mutation: You are weak. (Str -2) [potion of mutation]
  2371 | D:4      | Gained mutation: Scrolls take you a little longer to read. [potion of mutation]
  2376 | D:4      | HP: 2/50 [Robin/wand of flame (6)]
  2377 | D:4      | Killed Robin
  2408 | D:4      | Noticed an ogre
  2415 | D:4      | Killed an ogre
  2415 | D:4      | Reached XP level 6. HP: 10/59 MP: 5/5
  2417 | D:4      | Reached **** piety under Uskayaw
  2460 | D:4      | Found a sparkling altar of Nemelex Xobeh.
  2517 | D:4      | Noticed Duvessa
  2517 | D:4      | Noticed Dowan
  2527 | D:4      | Killed Dowan
  2527 | D:4      | Reached skill level 7 in Unarmed Combat
  2530 | D:4      | Killed Duvessa
  2808 | D:4      | Reached skill level 8 in Unarmed Combat
  2836 | D:5      | Entered Level 5 of the Dungeon
  2848 | D:5      | Reached XP level 7. HP: 60/66 MP: 6/6
  3002 | D:5      | Found Cyhuare's Jewellery Shop.
  3379 | D:6      | Found a sand-covered staircase.
  3384 | Ossuary  | Entered an ossuary
  3384 | Ossuary  | Noticed a wraith
  3384 | Ossuary  | Noticed a wraith
  3384 | Ossuary  | Noticed a wraith
  3429 | Ossuary  | Noticed Zebura's ghost (amateur HOBe)
  3431 | Ossuary  | Lost mutation: Scrolls take you a little longer to read. [potion of cure mutation]
  3431 | Ossuary  | Lost mutation: You are weak. (Str -2) [potion of cure mutation]
  3431 | Ossuary  | Lost mutation: You occasionally shout uncontrollably at your foes. [potion of cure mutation]
  3449 | Ossuary  | Killed Zebura's ghost
  3449 | Ossuary  | Reached skill level 9 in Unarmed Combat
  3503 | Ossuary  | Noticed a wraith
  3508 | Ossuary  | Killed a wraith
  3585 | D:6      | Reached XP level 8. HP: 67/74 MP: 7/7
  3592 | D:6      | Identified a scroll of acquirement
  3604 | D:6      | Reached skill level 10 in Unarmed Combat
  3732 | D:6      | You fall through a shaft for 3 floors!
  3823 | D:9      | Reached skill level 11 in Unarmed Combat
  3966 | D:9      | Found a staircase to the Lair.
  3967 | D:9      | Noticed a komodo dragon
  3989 | D:9      | Reached ***** piety under Uskayaw
  3990 | D:9      | Killed a komodo dragon
  3990 | D:9      | Reached skill level 12 in Unarmed Combat
  3990 | D:9      | Reached XP level 9. HP: 79/80 MP: 8/8
  4387 | D:8      | Reached skill level 13 in Unarmed Combat
  4649 | D:8      | Noticed Gastronok
  4667 | D:8      | Killed Gastronok
  4667 | D:8      | Reached skill level 14 in Unarmed Combat
  4667 | D:8      | Reached XP level 10. HP: 74/88 MP: 9/9
  4829 | D:8      | Noticed Psyche
  4832 | D:8      | Killed Psyche
  5005 | D:7      | Reached skill level 15 in Unarmed Combat
  5249 | D:7      | Found Vyschimepp's Assorted Antiques.
  5265 | D:7      | Bought a lead wand for 80 gold pieces
  5265 | D:7      | Bought a glowing jade amulet for 100 gold pieces
  5265 | D:7      | Bought a curved brass wand for 80 gold pieces
  5265 | D:7      | Bought a scroll labeled ANLOWN YMUE for 20 gold pieces
  5265 | D:7      | Bought a potion of might for 80 gold pieces
  5641 | D:6      | Noticed Pikel
  5649 | D:6      | Killed Pikel
  5697 | D:6      | Found a staircase to the Ecumenical Temple.
  6025 | Lair:1   | Entered Level 1 of the Lair of Beasts
  6130 | Lair:1   | Noticed a five-headed hydra
  6139 | Lair:1   | Killed a five-headed hydra
  6139 | Lair:1   | Reached skill level 16 in Unarmed Combat
  6145 | Lair:1   | Reached XP level 11. HP: 94/94 MP: 10/10
  6219 | Lair:1   | Noticed a five-headed hydra
  6228 | Lair:1   | Killed a five-headed hydra
  6871 | Lair:1   | Reached skill level 17 in Unarmed Combat
  7681 | Lair:3   | Reached skill level 1 in Shields
  7752 | Lair:3   | Found a staircase to the Shoals.
  8112 | Lair:3   | Slain by a komodo dragon

Skill      XL: |  1  2  3  4  5  6  7  8  9 10 11 |
---------------+----------------------------------+-----
Unarmed Combat | 4 5 6 8 9 12 14 16 17 | 17.2
Shields        | 4 |  4.8
Fighting       | |  2.4
Dodging        | |  2.4
Stealth        | |  1.0

Action                   |  1- 3 |  4- 6 |  7- 9 | 10-12 || total
-------------------------+-------+-------+-------+-------++-------
Melee: Unarmed           |    94 |   133 |   236 |   215 ||   678
       Punch             |     2 |     5 |    12 |    25 ||    44
Throw: Tomahawk          |       |     2 |     7 |     9 ||    18
Invok: Stomp             |       |     2 |     1 |     1 ||     4
       Line Pass         |       |       |     1 |       ||     1
Evoke: Wand              |       |       |     4 |     5 ||     9
  Use: Potion            |       |     5 |     8 |     2 ||    15
       Scroll            |       |       |    12 |     4 ||    16
 Stab: Sleeping          |     9 |     2 |     1 |       ||    12
       Paralysed         |       |     3 |    12 |     7 ||    22
       Distracted        |       |       |     1 |     1 ||     2
  Eat: Chunk             |    19 |    13 |    17 |    36 ||    85
Armor: Robe              |    45 |    37 |    59 |    57 ||   198
       Skin              |       |       |    30 |    19 ||    49
Dodge: Dodged            |    61 |    77 |    88 |    89 ||   315
